Map: White Rabbit LE

Players

HoldTheDoor - Winner!

  • Race: Protoss Protoss
  • League: Diamond
  • Spawn Location: 7:00

Emil

  • Race: Terran Terran
  • League: Diamond
  • Spawn Location: 1:00

VOD

Have the link to the VOD?

Description

Time

  • Played on: May 15, 2026, 1:59 p.m.
  • Length: 16:11
Show
View Real Time Build Order
Export as new Build Order

HoldTheDoor Protoss - Winner!

Build Orders: 1 Gate Expand, Chargelot Immortal 

Get SALT Encoding   

  12  0:00  Probe  
  13  0:12  Probe  
  14  0:17  Pylon  
  14  0:23  Probe  
  15  0:31  Probe  
  15  0:38  Gateway  
  15  0:39  Probe  
  17  0:50  Probe  
  17  0:51  Assimilator  
  18  1:02  Probe  
  19  1:06  Pylon  
  19  1:15  Probe  
  20  1:27  Probe  
  20  1:29  Cybernetics Core  
  21  1:38  Nexus  
  21  1:40  Probe  
  22  1:47  Assimilator  
  22  1:52  Pylon  
  22  1:56  Probe  
  23  2:01  Adept  
  23  2:12  Warp Gate  
  25  2:16  Probe  
  26  2:28  Probe  
  27  2:33  Sentry  
  27  2:34  Gateway  
  29  2:40  Probe  
  30  2:49  Pylon  
  30  2:52  Probe  
  31  3:04  Probe x2  
  33  3:10  Robotics Facility  
  33  3:16  Probe  
  33  3:17  Gateway  
  33  3:19  Shield Battery, Gateway  
  34  3:26  Probe  
  37  3:29  Probe  
  37  3:32  Shield Battery  
  38  3:38  Probe  
  37  3:43  Pylon, Probe  
  38  3:50  Probe  
  39  3:55  Probe  
  39  3:57  Immortal  
  39  4:02  Pylon  
  44  4:04  Probe  
  44  4:08  Zealot  
  47  4:11  Sentry  
  47  4:12  Probe  
  50  4:17  Zealot  
  50  4:23  Probe  
  53  4:24  Probe  
  53  4:27  Assimilator  
  54  4:33  Pylon, Adept  
  54  4:35  Probe  
  57  4:43  Stalker x2  
  61  4:52  Gateway  
  61  4:56  Gateway  
  61  4:58  Gateway  
  61  5:01  Gateway  
  61  5:09  Probe  
  62  5:14  Assimilator, Pylon  
  62  5:15  Pylon  
  62  5:25  Stargate  
  60  5:42  Zealot  
  61  5:56  Gateway  
  61  5:57  Pylon  
  61  6:01  Gateway x2  
  61  6:06  Pylon, Probe x2  
  63  6:12  Immortal  
  63  6:17  Phoenix  
  69  6:31  Probe  
  70  6:34  Zealot x3  
  76  6:47  Twilight Council  
  76  6:53  Phoenix  
  78  6:55  Observer  
  79  7:05  Probe  
  80  7:09  Pylon  
  80  7:12  Probe  
  80  7:13  Charge  
  80  7:14  Forge  
  81  7:20  Pylon  
  81  7:24  Immortal  
  81  7:25  Phoenix  
  87  7:40  Protoss Ground Weapons Level 1  
  87  7:53  Phoenix  
  89  7:58  Templar Archives  
  89  8:01  Pylon  
  89  8:03  Immortal  
  93  8:06  Photon Cannon x2  
  93  8:14  Photon Cannon  
  93  8:21  Nexus  
  93  8:25  Zealot  
  93  8:45  High Templar x5  
  103  8:48  Zealot  
  103  8:49  Zealot x2  
  103  8:51  Archon  
  103  8:55  Psionic Storm  
  80  9:53  Probe x2  
  80  9:55  Probe  
  80  9:57  Stalker x2  
  80  9:58  Stalker x7  
  80  9:59  Stalker  
  99  10:18  Probe  
  99  10:19  Pylon  
  100  10:21  Pylon  
  100  10:25  Pylon  
  100  10:28  Photon Cannon, Pylon  
  100  10:32  Photon Cannon  
  100  10:34  Probe x3  
  103  10:36  Protoss Ground Armor Level 1  
  103  10:43  Immortal  
  107  10:54  Stalker x2  
  107  10:56  High Templar x2  
  115  11:00  High Templar  
  115  11:02  Archon  
  117  11:31  High Templar x2  
  121  11:33  Zealot x3  
  121  11:34  Zealot x5  
  121  11:35  Zealot  
  121  11:36  Archon  
  121  11:39  Immortal  
  139  11:50  Photon Cannon  
  139  11:54  Photon Cannon  
  139  11:59  Photon Cannon  
  139  12:06  Probe x3  
  142  12:08  Photon Cannon  
  142  12:17  High Templar x3  
  142  12:18  Probe x2  
  142  12:19  Probe  
  142  12:21  Archon  
  151  12:29  High Templar  
  153  12:31  Zealot x3  
  153  12:32  Zealot  
  153  12:35  Archon  
  161  12:39  Warp Prism  
  163  12:51  Fleet Beacon  
  163  13:13  Stalker x5  
  134  13:57  Zealot x2  
  134  13:58  Zealot x5  
  134  13:59  Zealot x2  
  152  14:11  Zealot x2  
  123  15:10  Zealot x7  
  123  15:11  Zealot x4  
  128  15:31  Zealot x3  
  128  15:32  Zealot x6  
  128  15:33  Zealot x2  
  128  15:34  Observer  
  125  15:56  Stalker  
  125  15:57  Stalker x5  
Show
View Real Time Build Order
Export as new Build Order

Emil Terran 

Build Orders:  

Get SALT Encoding   

  12  0:01  SCV  
  13  0:13  Supply Depot  
  13  0:18  SCV  
  14  0:30  SCV  
  15  0:37  Barracks  
  15  0:43  SCV  
  15  0:47  Refinery  
  16  0:55  SCV  
  17  0:57  Refinery  
  17  1:23  SCV  
  18  1:44  Orbital Command  
  18  1:51  Reaper  
  19  1:54  Supply Depot  
  19  2:17  Factory  
  19  2:18  SCV  
  20  2:30  Reaper  
  21  2:46  Command Center  
  21  2:59  SCV  
  21  3:03  Factory Reactor  
  22  3:05  Barracks Reactor  
  22  3:11  SCV  
  23  3:23  SCV  
  23  3:25  Bunker  
  24  3:30  Starport  
  24  3:35  SCV  
  24  3:40  Hellion x2  
  29  3:46  Reaper  
  29  3:48  SCV  
  31  3:57  Marine  
  31  3:59  Orbital Command  
  32  4:07  Medivac  
  32  4:08  Widow Mine  
  36  4:13  Widow Mine  
  38  4:17  SCV  
  38  4:19  Orbital Command  
  38  4:24  Engineering Bay  
  39  4:35  SCV  
  40  4:48  SCV  
  40  4:51  Terran Infantry Weapons Level 1  
  40  4:52  Barracks  
  41  4:53  Barracks  
  39  5:08  SCV  
  39  5:09  SCV  
  39  5:13  Marine x2  
  43  5:21  SCV x2  
  43  5:25  Supply Depot  
  45  5:33  SCV  
  46  5:37  SCV  
  41  5:50  Medivac  
  41  5:51  Factory Tech Lab  
  41  5:52  Barracks Tech Lab x2  
  43  6:05  Marine  
  43  6:06  Marine  
  43  6:09  Supply Depot, Command Center  
  45  6:14  Siege Tank  
  45  6:15  Combat Shield  
  45  6:17  Marine x2  
  50  6:18  Medivac  
  50  6:23  SCV x2  
  54  6:26  Refinery  
  54  6:30  Marine x2  
  56  6:35  Marine, Marauder, SCV  
  56  6:39  SCV  
  61  6:47  SCV  
  62  6:57  Terran Infantry Armor Level 1  
  62  6:59  Supply Depot  
  62  7:00  Armory  
  62  7:20  Marine, Liberator, Medivac, SCV x2  
  70  7:26  Orbital Command  
  70  7:30  Command Center  
  70  7:32  SCV x2  
  70  7:34  Barracks, Stimpack  
  70  7:35  Barracks  
  72  7:37  Orbital Command  
  72  7:41  Refinery, Concussive Shells  
  72  7:42  Marine  
  73  7:44  SCV x2  
  73  7:49  Siege Tank  
  77  7:56  SCV  
  78  8:00  Marine  
  78  8:01  Marine, Marauder x2  
  84  8:18  Marine x2  
  85  8:32  Marine, Orbital Command  
  85  8:35  Marauder  
  85  8:36  Marine  
  85  8:37  Marine, Medivac  
  85  8:38  Marine  
  85  8:41  Supply Depot  
  85  8:42  Marine, Supply Depot, Medivac  
  85  8:44  Supply Depot  
  85  8:45  Supply Depot  
  88  8:50  Marauder  
  88  8:52  Barracks  
  90  8:56  Marauder  
  90  8:58  SCV  
  93  9:07  Medivac  
  92  9:12  Marauder  
  92  9:13  Drilling Claws  
  92  9:15  Marine x3  
  92  9:16  Liberator  
  95  9:33  Marauder  
  80  9:50  Marine x3  
  77  9:55  Siege Tank  
  80  10:05  Orbital Command  
  80  10:12  Barracks Reactor x3  
  80  10:13  Orbital Command  
  77  10:14  Marine x2, Marauder x2  
  83  10:27  Siege Tank, SCV x2  
  88  10:32  Marine x2  
  88  10:35  Marine x2  
  90  10:38  Terran Infantry Armor Level 2  
  90  10:41  Engineering Bay  
  92  10:44  SCV x2  
  94  10:50  Marine x2  
  94  10:53  Marine x2  
  98  11:00  SCV x2  
  100  11:04  Medivac  
  100  11:07  Marine  
  100  11:08  Marine  
  100  11:11  Marine  
  105  11:30  Widow Mine x2  
  109  11:38  SCV  
  110  11:43  Terran Infantry Weapons Level 2  
  110  11:50  SCV  
  110  11:51  Widow Mine x2  
  112  12:02  SCV  
  112  12:03  Missile Turret  
  112  12:05  Marine x4  
  112  12:06  Missile Turret  
  117  12:08  Bunker  
  117  12:10  Command Center  
  117  12:20  Bunker  
  117  12:24  Supply Depot  
  117  12:35  Supply Depot  
  117  12:38  Supply Depot x2  
  117  12:45  Marine x3, SCV  
  117  12:46  Widow Mine x2  
  117  12:48  Supply Depot  
  125  12:56  Marine x5  
  125  12:57  SCV x2  
  124  13:07  Marine x3, Marauder  
  124  13:09  SCV x2  
  129  13:14  Marine  
  117  13:41  Marine x9  
  115  13:55  Widow Mine  
  115  13:56  Widow Mine  
  115  13:58  Marine  
  115  13:59  Marine x8  
  115  14:01  Orbital Command  
  126  14:05  Bunker  
  126  14:06  Bunker  
  126  14:15  Medivac x2  
  126  14:16  Marine  
  133  14:17  Marine x7, Widow Mine x2  
  142  14:25  Marine  
  139  14:34  Marine x3  
  139  14:35  Marauder x2  
  131  14:38  Widow Mine  
  131  14:39  Widow Mine  
Tags
 
Add a new tag
Caveats
  • Supply blocks, unpowered buildings, or Contaminate may cause inaccurate times.
  • Supply counts are checked every 10 seconds.